 Dungeon Crawl Stone Soup version bcrawl-1.38.3 (webtiles) character file.

Game seed: 6895962855130673969

129628 Mrkan the Shield-Bearer (level 4, -6/29 HPs)
             Began as a Gargoyle Fighter on May 26, 2023.
             Killed by divine providence
             ... invoked by an orc priest
              (12 damage)
             ... on level 3 of the Dungeon.
             The game lasted 00:02:42 (1917 turns).

Mrkan the Shield-Bearer (Gargoyle Fighter)          Turns: 1917, Time: 00:02:42

Health: -6/29      AC: 10    Str: 19    XL:     4   Next: 54%
Magic:  4/4        EV:  5    Int:  9    God:
Gold:   148        SH:  0    Dex: 10    Spells: 3/3 levels left

rFire    . . .     GDR:     35% a - +0 flail
rCold    . . .     SeeInvis .   c - +0 medium shield
rNeg     + . .     Gourm    .   b - +0 scale mail
rPois    ∞         Faith    .   (no helmet)
rElec    +         Spirit   .   (no cloak)
rCorr    .         Reflect  .   (no gloves)
MR       .....                  (no boots)
Stlth    ..........             (no amulet)
HPRegen  0.14/turn              (no ring)
MPRegen  0.09/turn              (no ring)

@: confused
A: negative energy resistance 1, electricity resistance, partial torment
resistance, unbreathing, petrification resistance, rot immunity, AC +3
a: no special abilities


You were on level 3 of the Dungeon.
You were very hungry.

You visited 1 branch of the dungeon, and saw 3 of its levels.

You collected 148 gold pieces.

Inventory:

Hand Weapons
 a - a +0 flail (weapon)
Armour
 b - a +0 scale mail (worn)
 c - a +0 medium shield (worn)
Jewellery
 k - an uncursed ring of insulation {unknown}
Scrolls
 g - a scroll of blinking {unknown}
 i - 6 scrolls of identify
 j - 3 scrolls of magic mapping {unknown}
 l - a scroll of remove curse {unknown}
 o - 2 scrolls of teleportation {unknown}
 s - 2 scrolls of amnesia {unknown}
 u - a scroll of fog {unknown}
Potions
 d - a potion of might
 f - a potion of cancellation {unknown}
 h - a potion of curing {unknown}
 n - a potion of ambrosia {unknown}
 p - a potion of berserk rage {unknown}
 q - a potion of heal wounds {unknown}
 r - a potion of brilliance {unknown}
 t - 2 potions of flight {unknown}
Comestibles
 e - 5 rations {!d}


   Skills:
 + Level 4.0 Fighting
 * Level 3.5 Maces & Flails
 - Level 3.2 Armour
 + Level 4.0 Shields


You had 3 spell levels left.
You didn't know any spells.
Your spell library was empty.

Dungeon Overview and Level Annotations

Branches:
Dungeon (3/12)

Altars:


Innate Abilities, Weirdness & Mutations

You are resistant to torment.
Your stone body is resilient. (AC +3)
You are immune to poison.
You resist negative energy. (rN+)
You are resistant to electric shocks. (rElec)
You are less affected by unholy pain and torment.
You can survive without breathing.
You are immune to petrification.
You are immune to rotting.


Message History

The orc wizard points at you and mumbles some strange words.
You are confused.
You bump into the rock wall.
The orc wizard points at you and mumbles some strange words.
The puff of flame hits you!
* * * LOW HITPOINT WARNING * * *
The orc priest calls upon Beogh to heal the orc wizard.
Sorry, you're not good enough to have a special ability.
Unknown command.
It was a potion of magic.
Magic courses through your body. The orc wizard casts a spell at you.
You resist with some effort.
You bump into the rock wall.
The orc wizard points at you and mumbles some strange words.
You are more confused.
You bump into the rock wall.
The orc wizard barely misses you.
You bump into the rock wall.
The orc wizard barely misses you.
The orc priest mumbles some strange prayers to Beogh against you.
Beogh smites you!
You die...

#.......... #..>.......
#.............
#............#
##########...........#
#........#...... ...
#.........##..# #.# .
#............####..###..
#.<......###.@o.........
###.....####.##o....##..
#.....##...##.........
##......#.####.....####
#.........[h##o....# #
#......#..#.h......# ..#
#......#..###.o....###...#
#.........####............
#.......#..###>o...)......


You could see an orc wizard and an orc priest.

Vanquished Creatures
  2 adders
  A gnoll (D:3)
  2 oozes
  4 worms
  A leopard gecko (D:1)
  2 orcs
  A ball python (D:2)
  2 giant cockroaches
  5 goblins
  3 hobgoblins (D:2)
  3 jackals (D:3)
  4 kobolds
  2 quokkas (D:2)
  2 bats (D:2)
  A frilled lizard (D:2)
  4 rats
39 creatures vanquished.

Notes
Turn   | Place    | Note
-------+----------+-------------------------------------------
     0 | D:1      | Mrkan the Gargoyle Fighter began the quest for the Orb.
     0 | D:1      | Reached XP level 1. HP: 14/14 MP: 1/1
   407 | D:1      | Reached XP level 2. HP: 19/19 MP: 2/2
   799 | D:2      | Reached XP level 3. HP: 11/23 MP: 3/3
  1417 | D:2      | Reached XP level 4. HP: 22/29 MP: 4/4
  1917 | D:3      | Killed from afar by an orc priest

Skill      XL: |  1  2  3  4 |
---------------+-------------+-----
Maces & Flails | 3 |  3.5
Shields        | 4 |  4.0
Fighting       | 4 |  4.0
Armour         | |  3.2

Action                   |  1- 3 |  4- 6 || total
-------------------------+-------+-------++-------
Melee: Flail             |   148 |    41 ||   189
  Use: Potion            |       |     1 ||     1
  Eat: Chunk             |     6 |     2 ||     8
Armor: Scale mail        |    86 |    50 ||   136
Dodge: Dodged            |    43 |    13 ||    56
Block: Medium shield     |    96 |    32 ||   128
